 Dungeon Crawl Stone Soup version 0.23.2-1-ga50397a6bc (webtiles) character file.

Game seed: 1444864441189763070

7504 NochnoyZador the Covert (level 11, -8/81 HPs)
             Began as a Formicid Enchanter on Apr 30, 2019.
             Was an Elder of Yredelemnul.
             Hit by a large rock thrown by a cyclops (18 damage)
             ... on level 11 of the Dungeon on May 1, 2019.
             The game lasted 01:58:34 (12107 turns).

NochnoyZador the Covert (Formicid Enchanter)       Turns: 12107, Time: 01:58:37

Health: -8/81      AC:  7    Str: 14    XL:     11   Next: 38%
Magic:  8/27       EV: 30    Int: 17    God:    Yredelemnul [****..]
Gold:   330        SH:  0    Dex: 13    Spells: 5/19 levels left

rFire    . . .     SeeInvis +   a - +1 dagger
rCold    . . .     Gourm    .   (no shield)
rNeg     . . .     Faith    .   g - +2 leather armour {rPois}
rPois    +         Spirit   .   (helmet unavailable)
rElec    .         Reflect  .   D - +0 cloak
rCorr    .         Harm     .   i - +0 pair of gloves
MR       ++...                  (no boots)
Stlth    ++++++....             v - amulet of the acrobat
HPRegen  0.23/turn              p - ring of magical power
MPRegen  0.20/turn              c - ring of stealth

@: acrobat
A: permanent stasis, dig shafts and tunnels, four strong arms, antennae 3, thin
skeletal structure 1, magic resistance 1
a: Dig, Shaft Self, Recall Undead Slaves, Injury Mirror, Animate Dead, Drain
Life, Renounce Religion


You were on level 11 of the Dungeon.
You worshipped Yredelemnul.
Yredelemnul was greatly pleased with you.
You were very hungry.

You visited 2 branches of the dungeon, and saw 12 of its levels.

You collected 610 gold pieces.
You spent 280 gold pieces at shops.

Inventory:

Hand Weapons
 a - a +1 dagger (weapon)
 y - a +0 hunting sling of freezing
Missiles
 k - 311 stones (quivered)
 r - 126 sling bullets
 z - 16 tomahawks
Armour
 g - a +2 leather armour of poison resistance (worn)
 i - a +0 pair of gloves (worn)
 D - a +0 cloak (worn)
 E - a +0 robe of resistance
Magical Staves
 s - an uncursed staff of conjuration
Jewellery
 c - a ring of stealth (right hand)
 e - an uncursed amulet of guardian spirit
 l - a cursed ring of attention {unknown}
 p - a ring of magical power (left hand)
 u - an uncursed ring of flight
 v - an amulet of the acrobat (around neck)
 C - an uncursed ring of positive energy
 H - an uncursed ring of protection from cold {unknown}
Wands
 f - a wand of acid (19)
 t - a wand of flame (17)
 w - a wand of polymorph (3)
 I - a wand of random effects (28)
 K - a wand of digging (5)
Scrolls
 h - 4 scrolls of fear
 n - 4 scrolls of immolation
 q - 2 scrolls of enchant weapon
 x - a scroll of fog
 A - 3 scrolls of amnesia
 G - a scroll of acquirement {unknown}
Potions
 b - a potion of flight
 m - 2 potions of cancellation
 o - a potion of resistance
 B - 4 potions of curing
 F - a potion of lignification {unknown}
 J - a potion of mutation
Miscellaneous
 j - a sack of spiders
Comestibles
 d - 19 rations


   Skills:
 + Level 6.0 Fighting
 * Level 7.9 Short Blades
 * Level 7.2 Dodging
 * Level 10.8 Stealth
 * Level 4.7 Spellcasting
 - Level 6.2 Hexes
 * Level 5.0 Invocations
 * Level 4.3 Evocations


You had 5 spell levels left.
You knew the following spells:

 Your Spells              Type           Power        Failure   Level  Hunger
a - Corona                Hex            ####...      1%          1    None
b - Ensorcelled Hibernat  Hex/Ice        ##....       8%          2    #......
c - Confuse               Hex            ####....     4%          3    ###....
d - Slow                  Hex            ####....     2%          2    #......
e - Tukima's Dance        Hex            ####....     4%          3    ###....
f - Dazzling Spray        Conj/Hex       ##....       16%         3    ###....

Your spell library contained the following spells:

 Spells                   Type           Power        Failure   Level  Hunger
 Magic Dart               Conj           #...         19%         1    None
 Call Imp                 Summ           #.......     28%         2    #......
 Conjure Flame            Conj/Fire      #.......     50%         3    ###....
 Mephitic Cloud           Conj/Pois/Air  #.......     50%         3    ###....
 Blink                    Tloc           Unusable     N/A         2    N/A

Dungeon Overview and Level Annotations

Branches:
Dungeon (11/15)            Temple (1/1) D:6            Lair (0/6) D:10
    Orc (0/2) D:9

Altars:
Ashenzari
Cheibriados
Dithmenos
Elyvilon
Fedhas
Gozag
Hepliaklqana
Kikubaaqudgha
Makhleb
Nemelex Xobeh
Okawaru
Qazlal
Ru
Sif Muna
Trog
Uskayaw
Vehumet
Wu Jian
Xom
Yredelemnul
Zin
The Shining One

Shops:
D:9 *}?

Annotations:
D:8 3 runed translucent doors, Tutankhamun's ghost, novice FoFi


Innate Abilities, Weirdness & Mutations

You cannot be hasted, slowed, berserked, paralysed or teleported.
You can dig through walls and to a lower floor.
Your four strong arms can wield two-handed weapons with a shield.
You have a pair of large antennae on your head. (SInv)
You have a somewhat thin skeletal structure. (Dex +2, Stealth)
You are resistant to hostile enchantments. (MR+)


Message History

Maurice misses you.
Your flying skull hits Maurice.
You swap places.
Your flying skull hits Maurice but does no damage.
Your flying skull barely misses Maurice.
Maurice closely misses your flying skull.
The cyclops throws a large rock.
The large rock completely misses you.
You see here a large rock.
Your flying skull hits Maurice!
Your flying skull hits Maurice.
Your flying skull hits Maurice but does no damage. x2
Your flying skull hits Maurice but does no damage. x2
Maurice misses your flying skull.
Your flying skull hits Maurice.
Maurice dies!
Yredelemnul accepts your kill.
Your Fighting skill increases to level 6!
Your Invocations skill increases to level 5!
Something barely misses your flying skull.
The cyclops throws a large rock.
The large rock hits you!!
You die...
Your body rises from the dead as a mindless zombie.

....... .......
.......#+# .......#.#
## .......#(### ..
?......)...##.#
.......#(#†.#S# # #
.......#.##.#z##.### .
..........@((z...... #
{.......#.##.#.##.#.#
### .......#.##.z.# ..#
^......#......# ..#
##############..# ..#
#..........z....#
..###.#############C..#
.....z# ..# ...#
......#######.#### ...#


You could see a cyclops and 3 friendly flying skulls.

Vanquished Creatures
  A two-headed ogre (D:10)
  Pikel (D:6)
  An ugly thing (D:11)
  A hippogriff (D:10)
  Sigmund (D:2)
  2 porcupines (D:10)
  A phantom (D:5)
  A sky beast (D:9)
  4 orc warriors
  A black bear (D:9)
  4 ice beasts
  A centaur (D:9)
  2 ogres
  A crocodile (D:11)
  4 bullfrogs
  A gnoll sergeant (D:5)
  A water moccasin zombie (D:8)
  A water moccasin skeleton (D:7)
  5 scorpions
  3 killer bees (D:11)
  4 wights (D:9)
  2 electric eels (D:9)
  2 howler monkeys
  A centaur zombie (D:7)
  A crimson imp (D:7)
  2 bullfrog zombies
  A quasit (D:8)
  6 hounds
  2 jellies
  8 orc wizards
  2 centaur skeletons
  7 orc priests
  Ijyb (D:4)
  An iguana (D:4)
  11 worker ants
  2 hell rats (D:10)
  A hound skeleton (D:5)
  Robin (D:4)
  2 worker ant zombies
  7 gnolls
  8 adders
  A river rat (D:10)
  A shadow imp (D:6)
  2 adder zombies
  A worm (D:3)
  3 dart slugs
  6 leopard geckos
  37 orcs
  2 ball pythons
  5 bats
  2 giant cockroaches (D:5)
  4 hobgoblins
  12 jackals
  6 quokkas
  15 frilled lizards
  16 goblins
  7 kobolds
  A leopard gecko skeleton (D:4)
  A leopard gecko zombie (D:6)
  11 rats
242 creatures vanquished.

Vanquished Creatures (collateral kills)
  2 two-headed ogres
  Maurice (D:11)
  A hippogriff (D:11)
  3 killer bees (D:11)
  2 howler monkeys (D:11)
  An adder (D:11)
  A river rat (D:10)
  An orc (D:11)
12 creatures vanquished.

Vanquished Creatures (others)
  A hippogriff skeleton (D:10)
  2 mummies
3 creatures vanquished.

Grand Total: 257 creatures vanquished

Notes
Turn   | Place    | Note
-------+----------+-------------------------------------------
     0 | D:1      | NochnoyZador the Formicid Enchanter began the quest for the
                  | Orb.
     0 | D:1      | Reached XP level 1. HP: 13/13 MP: 3/3
   249 | D:1      | Reached skill level 4 in Stealth
   249 | D:1      | Reached XP level 2. HP: 4/19 MP: 3/5
   253 | D:1      | Learned a level 2 spell: Ensorcelled Hibernation
   754 | D:1      | Reached XP level 3. HP: 12/24 MP: 4/6
  1102 | D:2      | Found a sacrificial altar of Ru.
  1106 | D:2      | Found a radiant altar of Vehumet.
  1106 | D:2      | Found an ornate altar of the Wu Jian Council.
  1106 | D:2      | Found a basalt altar of Yredelemnul.
  1118 | D:2      | Became a worshipper of Yredelemnul the Dark
  1190 | D:2      | Noticed Sigmund
  1220 | D:2      | Killed Sigmund
  1220 | D:2      | Reached skill level 5 in Stealth
  1220 | D:2      | Reached XP level 4. HP: 3/30 MP: 6/7
  1220 | D:2      | Reached XP level 5. HP: 3/35 MP: 6/8
  1220 | D:2      | Reached XP level 6. HP: 4/41 MP: 6/9
  2166 | D:3      | Reached * piety under Yredelemnul
  2198 | D:3      | Reached skill level 5 in Hexes
  2238 | D:3      | Found a glowing golden altar of the Shining One.
  2273 | D:3      | Found a blossoming altar of Fedhas.
  2863 | D:3      | Learned a level 3 spell: Confuse
  3117 | D:4      | Reached skill level 6 in Stealth
  3117 | D:4      | Reached XP level 7. HP: 6/46 MP: 3/10
  3503 | D:4      | Noticed Ijyb
  3507 | D:4      | Killed Ijyb
  3571 | D:4      | Noticed Robin
  3841 | D:4      | Found a burning altar of Makhleb.
  3856 | D:4      | Killed Robin
  3914 | D:4      | Reached ** piety under Yredelemnul
  4354 | D:5      | Entered Level 5 of the Dungeon
  4492 | D:5      | Reached XP level 8. HP: 52/52 MP: 11/11
  4636 | D:5      | Reached skill level 7 in Stealth
  4732 | D:5      | Found a sparkling altar of Nemelex Xobeh.
  5122 | D:5      | Reached skill level 1 in Fighting
  5580 | D:6      | Noticed Pikel
  5613 | D:6      | Killed Pikel
  5613 | D:6      | Reached skill level 5 in Short Blades
  5613 | D:6      | Reached skill level 8 in Stealth
  5613 | D:6      | Reached XP level 9. HP: 15/62 MP: 2/12
  5637 | D:6      | Found a staircase to the Ecumenical Temple.
  5686 | D:6      | HP: 1/62 [ogre/+0 giant spiked club (28)]
  5815 | D:6      | Reached skill level 5 in Dodging
  6291 | Temple   | Entered the Ecumenical Temple
  6851 | D:7      | Reached *** piety under Yredelemnul
  7271 | D:7      | Reached skill level 9 in Stealth
  7576 | D:7      | Found a shimmering altar of Xom.
  7576 | D:7      | Found an iron altar of Okawaru.
  7581 | D:7      | Found a faded altar of an unknown god.
  7583 | D:7      | Found an opulent altar of Gozag.
  7584 | D:7      | Found a faded altar of an unknown god.
  7674 | D:8      | Found a runed translucent gate.
  7675 | D:8      | Found a runed translucent gate.
  7675 | D:8      | Found a runed translucent gate.
  7677 | D:8      | Noticed Tutankhamun's ghost (novice FoFi)
  8065 | D:8      | Received a gift from Yredelemnul (a mummy)
  8388 | D:8      | Reached XP level 10. HP: 72/73 MP: 4/13
  8421 | D:8      | Noticed a two-headed ogre
  8804 | D:8      | Gained mutation: You are resistant to hostile enchantments.
                  | (MR+) [potion of mutation]
  8804 | D:8      | Gained mutation: You have a somewhat thin skeletal
                  | structure. (Dex +2, Stealth) [potion of mutation]
  8822 | D:9      | Found Lixinoysch's Magic Scroll Shop.
  8830 | D:9      | Bought a scroll of fog for 20 gold pieces
  8860 | D:9      | Reached skill level 5 in Fighting
  8952 | D:9      | Found Dipree's Gadget Emporium.
  9019 | D:9      | Reached skill level 1 in Invocations
  9070 | D:9      | Reached skill level 1 in Evocations
  9095 | D:9      | Found a staircase to the Orcish Mines.
  9272 | D:9      | Noticed a seven-headed hydra
  9372 | D:9      | Found Rewomats's General Store.
  9379 | D:9      | Bought a book of Minor Magic for 260 gold pieces
  9397 | D:9      | Learned a level 2 spell: Slow
  9401 | D:9      | Learned a level 3 spell: Tukima's Dance
  9405 | D:9      | Learned a level 3 spell: Dazzling Spray
  9894 | D:9      | Noticed a two-headed ogre
  9907 | D:9      | Killed a two-headed ogre
  9907 | D:9      | Reached skill level 10 in Stealth
 10043 | D:10     | Entered Level 10 of the Dungeon
 10043 | D:10     | Noticed a two-headed ogre
 10112 | D:10     | Noticed a death yak
 10112 | D:10     | Noticed a death yak
 10578 | D:10     | Noticed a death yak
 10708 | D:10     | Killed a two-headed ogre
 10708 | D:10     | Reached XP level 11. HP: 80/80 MP: 16/16
 10782 | D:10     | Received a gift from Yredelemnul (a mummy)
 10897 | D:10     | Found a staircase to the Lair.
 11154 | D:10     | Reached **** piety under Yredelemnul
 11775 | D:10     | You fall through a shaft!
 11802 | D:11     | Received a gift from Yredelemnul (3 flying skulls)
 12031 | D:11     | Noticed a purple ugly thing
 12037 | D:11     | Killed a purple ugly thing
 12043 | D:11     | Noticed a two-headed ogre
 12070 | D:11     | Killed a two-headed ogre
 12085 | D:11     | Noticed Maurice
 12100 | D:11     | Noticed a cyclops
 12107 | D:11     | Killed Maurice
 12107 | D:11     | Reached skill level 5 in Invocations
 12107 | D:11     | Hit by a large rock thrown by a cyclops

Skill      XL: |  1  2  3  4  5  6  7  8  9 10 11 |
---------------+----------------------------------+-----
Stealth        | 4 5 6 8 9 10 | 10.8
Short Blades   | 2 3 4 5 6 7 |  7.9
Dodging        | 2 3 4 5 6 7 |  7.2
Hexes          | 4 5 6 |  6.2
Fighting       | 2 4 5 6 |  6.0
Invocations    | 3 5 |  5.0
Evocations     | 3 4 |  4.3
Spellcasting   | 3 4 |  4.7

Action                   |  1- 3 |  4- 6 |  7- 9 | 10-12 || total
-------------------------+-------+-------+-------+-------++-------
Melee: Dagger            |   102 |   130 |   514 |   158 ||   904
Throw: Stone             |       |       |       |     1 ||     1
 Cast: Corona            |    23 |     5 |    44 |     6 ||    78
       Ensorcelled Hiber |    16 |    41 |    91 |    91 ||   239
       Confuse           |       |       |    13 |    27 ||    40
       Tukima's Dance    |       |       |       |     6 ||     6
Invok: Recall Undead Sla |       |       |       |     1 ||     1
       Animate Dead      |       |       |       |     1 ||     1
 Abil: Dig               |       |    14 |    11 |     5 ||    30
       Shaft Self        |       |       |       |     1 ||     1
  Use: Scroll            |       |     5 |    10 |     6 ||    21
       Potion            |       |       |    13 |     2 ||    15
 Stab: Sleeping          |    12 |    25 |    54 |    50 ||   141
       Confused          |       |       |     9 |     9 ||    18
  Eat: Chunk             |     3 |     8 |    19 |    11 ||    41
       Ration            |       |     1 |     2 |     2 ||     5
Armor: Robe              |    23 |    21 |    25 |       ||    69
       Leather armour    |       |       |    37 |    22 ||    59
Dodge: Dodged            |    63 |    64 |   305 |   116 ||   548
